 Dungeon Crawl Stone Soup version 0.24-a0-416-g56ce5178b7 (webtiles) character file.

Game seed: 12158432811408273640

973 wilfster70 the Slasher (level 7, 0/55 HPs)
             Began as a Demonspawn Gladiator on June 9, 2019.
             Slain by a worker ant (2 damage)
             ... while paralysed by Grinder
             ... on level 4 of the Dungeon.
             The game lasted 00:14:33 (6656 turns).

wilfster70 the Slasher (Demonspawn Gladiator)       Turns: 6656, Time: 00:14:34

Health: 0/55       AC: 15    Str: 16    XL:     7   Next: 94%
Magic:  16/16      EV:  2    Int: 10    God:
Gold:   307        SH:  0    Dex: 14    Spells: 6/6 levels left

rFire    . . .     SeeInvis .   a - +0 long sword
rCold    . . .     Gourm    .   p - +0 buckler
rNeg     . . .     Faith    .   s - +0 chain mail
rPois    .         Spirit   .   c - +1 helmet
rElec    .         Reflect  .   (no cloak)
rCorr    .         Harm     .   (no gloves)
MR       .....                  y - +2 pair of boots
Stlth    ..........             (no amulet)
HPRegen  0.18/turn              w - ring of magical power
MPRegen  0.15/turn              j - +2 ring of evasion

@: paralysed
A: claws 1, molten scales 1
a: no special abilities


You were on level 4 of the Dungeon.
You were not hungry.

You visited 1 branch of the dungeon, and saw 5 of its levels.

You collected 307 gold pieces.

Inventory:

Hand Weapons
 a - a +0 long sword (weapon)
Missiles
 d - 3 throwing nets (quivered)
Armour
 c - a +1 helmet (worn)
 p - a +0 buckler (worn)
 s - a +0 chain mail (worn)
 y - a +2 pair of boots (worn)
Jewellery
 j - a +2 ring of evasion (right claw)
 w - a ring of magical power (left claw)
 B - an uncursed ring of stealth
Wands
 g - a wand of random effects (22)
Scrolls
 e - 2 scrolls of fear
 h - 2 scrolls of teleportation
 k - 3 scrolls of remove curse
 l - a scroll of enchant weapon {unknown}
 n - a scroll of identify
Potions
 b - 3 potions of curing
 i - a potion of resistance {unknown}
 m - a potion of haste {unknown}
 o - 2 potions of degeneration {unknown}
 q - a potion of heal wounds
 r - 2 potions of brilliance {unknown}
 t - a potion of mutation {unknown}
 v - a potion of lignification {unknown}
 A - a potion of cancellation {unknown}
Comestibles
 f - 10 rations


   Skills:
 + Level 4.5 Fighting
 * Level 6.1 Long Blades
 - Level 1.7 Throwing
 + Level 1.3 Armour
 - Level 4.2 Dodging
 + Level 3.0 Shields


You had 6 spell levels left.
You didn't know any spells.
Your spell library contained the following spells:

 Spells                   Type           Power        Failure   Level  Hunger
 Beastly Appendage        Tmut           #.....       100%        1    ##.....
 Sticks to Snakes         Tmut           #.......     100%        2    ###....
 Spider Form              Tmut/Pois      #.........   100%        3    ####...
 Ice Form                 Ice/Tmut       #.......     100%        4    #####..
 Blade Hands              Tmut           #.........   100%        5    ######.


Dungeon Overview and Level Annotations

Branches:
Dungeon (5/15)
 Temple: D:4-7

Altars:

Annotations:
D:4 Grinder


Innate Abilities, Weirdness & Mutations

You have sharp fingernails.
You are partially covered in molten scales. (AC +2)


Message History

The worker ant is almost dead.
The worker ant bites you but does no damage.
Grinder gestures at you. Pain shoots through your body!
* * * LOW HITPOINT WARNING * * *
You closely miss the worker ant.
The worker ant is almost dead.
The worker ant bites you but does no damage.
Grinder hits you.
* * * LOW HITPOINT WARNING * * *
You writhe in agony.
* * * LOW HITPOINT WARNING * * *
The worker ant bites you but does no damage.
You hit the worker ant but do no damage.
The worker ant is almost dead.
Grinder gestures at you.
You suddenly lose the ability to move!
The worker ant bites you but does no damage.
Grinder hits you but does no damage. The worker ant bites you.
You die...

#.##.### #.## #.##.# #.## #.##.#
##########.#. #.##.#
#............ ####.##.#
#.########.## ##....##.##
#......# #.#
#.###.#...###.####.###.# #.#
#...#5....####.#...#
#.###.#.@.###..........#
##########...###a## #..........#
#............[##.####..........#
#.#########.........#..........#
#.# #...##...............# #.#
#...##.##.#..........# #.#
#...##.##............# #.#
#........###.........# #.#
#......#.# #.........#


You could see Grinder and a worker ant.

Vanquished Creatures
  An ice beast (D:3)
  A black bear (D:4)
  An ogre (D:4)
  2 crimson imps
  A centaur skeleton (D:4)
  A gnoll shaman (D:4)
  3 hounds
  An orc wizard (D:4)
  3 orc priests (D:4)
  Jessica (D:2)
  3 iguanas (D:4)
  2 worker ants (D:4)
  3 adders
  9 gnolls
  A shadow imp (D:5)
  An ooze (D:1)
  3 worms
  2 dart slugs
  2 leopard geckos
  5 orcs (D:4)
  9 bats
  4 giant cockroaches
  9 goblins
  12 hobgoblins
  9 jackals
  8 kobolds
  3 quokkas
  2 ball pythons
  8 frilled lizards
  9 rats
119 creatures vanquished.

Notes
Turn   | Place    | Note
-------+----------+-------------------------------------------
     0 | D:1      | wilfster70 the Demonspawn Gladiator began the quest for the
                  | Orb.
     0 | D:1      | Reached XP level 1. HP: 16/16 MP: 1/1
   117 | D:1      | Reached skill level 3 in Long Blades
   183 | D:1      | Gained mutation: You are partially covered in molten
                  | scales. (AC +2) [demonic ancestry]
   183 | D:1      | Reached XP level 2. HP: 22/22 MP: 2/2
   626 | D:1      | You fall into a shaft and drop 1 floor!
   646 | D:2      | Noticed Jessica
   656 | D:2      | Killed Jessica
   656 | D:2      | Reached XP level 3. HP: 20/28 MP: 3/3
   833 | D:2      | Reached XP level 4. HP: 34/34 MP: 4/4
  2114 | D:3      | Reached skill level 4 in Long Blades
  2393 | D:3      | Gained mutation: You have sharp fingernails. [demonic
                  | ancestry]
  2393 | D:3      | Reached XP level 5. HP: 27/41 MP: 5/5
  3118 | D:4      | Noticed an ogre
  3121 | D:4      | Noticed an ice beast
  3132 | D:4      | Killed an ogre
  3132 | D:4      | Reached skill level 1 in Shields
  3495 | D:3      | Killed an ice beast
  3495 | D:3      | Reached XP level 6. HP: 7/47 MP: 6/6
  3844 | D:4      | HP: 1/47 [iguana (10)]
  3859 | D:4      | HP: 2/47 [hound (1)]
  3867 | D:3      | HP: 1/47 [hound (2)]
  3995 | D:4      | Reached skill level 5 in Long Blades
  4105 | D:3      | Reached XP level 7. HP: 15/53 MP: 7/7
  5921 | D:5      | Entered Level 5 of the Dungeon
  5981 | D:4      | Reached skill level 1 in Armour
  6098 | D:4      | Reached skill level 6 in Long Blades
  6547 | D:5      | Noticed Grinder
  6637 | D:5      | Paralysed by Grinder for 2 turns
  6654 | D:4      | HP: 2/55 [Grinder (4)]
  6655 | D:4      | Paralysed by Grinder for 3 turns
  6656 | D:4      | Slain by a worker ant

Levels and vault maps discovered:
D:1:      eino_arrival_water_star, layout_loops_corners
D:2:      layout_basic, serial_forest, infiniplex_forest_side_room,
          infiniplex_forest_zigzag_1, infiniplex_forest_corner_1,
          infiniplex_forest_split, infiniplex_forest_clump_long,
          minmay_misc_feat_columns, minmay_split_cup_large, uniq_jessica
D:3:      layout_basic, minmay_misc_feat_five, grunt_decor_mini_mirrors
D:4:      layout_loops_ring
D:5:      layout_cave_pods, first_ration, fedhas_altar_2, uniq_grinder

Skill      XL: |  1  2  3  4  5  6  7 |
---------------+----------------------+-----
Long Blades    | 3 4 5 6 |  6.1
Dodging        | 3 4 |  4.2
Fighting       | 3 4 |  4.5
Shields        | 1 2 3 |  3.0
Armour         | 1 |  1.3
Throwing       | |  1.7

Action                   |  1- 3 |  4- 6 |  7- 9 || total
-------------------------+-------+-------+-------++-------
Melee: Long sword        |    74 |   245 |   202 ||   521
  Use: Potion            |       |     1 |     1 ||     2
       Scroll            |       |       |    11 ||    11
  Eat: Chunk             |       |     7 |     5 ||    12
       Ration            |       |     1 |     1 ||     2
Armor: Ring mail         |    34 |     7 |       ||    41
       Chain mail        |       |   179 |   108 ||   287
Dodge: Dodged            |    50 |   108 |    88 ||   246
Block: Buckler           |       |    48 |    56 ||   104
       Rpst.: Long sword |    13 |    32 |    26 ||    71

Table legend:
 A = Non-vault XP
 B = Vault XP
 C = Vault XP percentage of total XP
 D = Non-vault monster count
 E = Vault monster count
 F = Vault count percentage of total count
                 A         B        C        D         E       F
            +---------+---------+-------+---------+---------+-------
      Total |    1350 |      41 |   2.9 |     114 |       5 |   4.2
            +---------+---------+-------+---------+---------+-------
        D:1 |      53 |       0 |   0.0 |      29 |       0 |   0.0
        D:2 |      43 |      41 |  48.8 |      16 |       5 |  23.8
        D:3 |     302 |       0 |   0.0 |      30 |       0 |   0.0
        D:4 |     840 |       0 |   0.0 |      31 |       0 |   0.0
        D:5 |     112 |       0 |   0.0 |       8 |       0 |   0.0
            +---------+---------+-------+---------+---------+-------
